 Dungeon Crawl Stone Soup version 0.31-a0-596-g831eee08f1 (webtiles) character file.

Game seed: 11200684678648711556

43052 cforsyth the Prestidigitator (level 14, -25/97 HPs)
             Began as a Gnoll Artificer on Aug 20, 2023.
             Was an Elder of Hepliaklqana.
             Annihilated by a komodo dragon (63 damage)
             ... on level 1 of the Lair of Beasts.
             The game lasted 00:44:45 (18751 turns).

cforsyth the Prestidigitator (Gnoll Artificer)     Turns: 18751, Time: 00:44:46

Health: -25/97     AC: 11    Str: 13    XL:     14   Next: 22%
Magic:  23/27      EV:  2    Int: 27    God:    Hepliaklqana [****..]
Gold:   913        SH:  0    Dex: 17    Spells: 23/31 levels left

rFire   + . .        I - +11 short sword of Symmetry {elec, rC+ rN+}
rCold   + + .        u - +0 kite shield
rNeg    + . .        v - +2 ring mail of the Thunderstorm {Regen+ Str+2 Int+3 Dex+3}
rPois   .            U - +0 hat {Int+3}
rElec   .            S - scarf {rC+ rF+}
rCorr   .            (no gloves)
SInv    .            O - +1 pair of boots {rampage}
Will    +....        m - amulet of the acrobat
Stlth   ++++         D - +6 ring of intelligence
HPRegen 1.16/turn    s - +5 ring of evasion
MPRegen 0.20/turn

%: acrobat, rampage
@: sleeping
A: reduced essence, fangs 1, strong nose, distributed training
a: Renounce Religion, Recall Ancestor, Ancestor Identity, Transference, Idealise


You were on level 1 of the Lair of Beasts.
You worshipped Hepliaklqana.
Hepliaklqana was greatly pleased with you.
You visited 3 branches of the dungeon, and saw 15 of its levels.
You also visited: Bailey, Ice Cave and Volcano.

You collected 1344 gold pieces.
You spent 431 gold pieces at shops.

Inventory:

Hand Weapons
 I - the +11 short sword of Symmetry (weapon) {elec, rC+ rN+}
   (You found it on level 2 of the Dungeon)

   rC+:       It protects you from cold.
   rN+:       It protects you from negative energy.
 L - the +2 falchion "Lutabres" {flame, rC++}
   (You bought it in a shop on level 8 of the Dungeon)

   rC++:      It greatly protects you from cold.
 Q - the +4 spear of Pynt {flame, rF+ rCorr Dex+2}
   (You found it on level 13 of the Dungeon)

   Dex+2:     It affects your dexterity (+2).
   rF+:       It protects you from fire.
   rCorr:     It protects you from acid and corrosion.
Missiles
 z - a throwing net
 K - 4 poisoned darts (quivered)
Armour
 u - a +0 kite shield (worn)
 v - the +2 ring mail of the Thunderstorm (worn) {Regen+ Str+2 Int+3 Dex+3}
   (You found it in a bailey)

   Str+2:     It affects your strength (+2).
   Int+3:     It affects your intelligence (+3).
   Dex+3:     It affects your dexterity (+3).
   Regen+:    It increases your rate of health regeneration.
 O - a +1 pair of boots of rampaging (worn)
 S - a scarf of resistance (worn)
 U - a +0 hat of intelligence (worn)
 V - a +2 crystal plate armour of cold resistance
 W - a +0 leather armour of resistance
Jewellery
 k - an amulet of faith
 m - an amulet of the acrobat (around neck)
 r - a ring of see invisible
 s - a +5 ring of evasion (right hand)
 D - a +6 ring of intelligence (left hand)
 T - a ring of protection from cold
Wands
 c - a wand of flame (37)
 d - a wand of charming (14)
 A - a wand of roots (26)
 F - a wand of paralysis (8)
 H - a wand of digging (26)
 N - a wand of polymorph (3)
Scrolls
 a - 4 scrolls of teleportation
 b - a scroll of brand weapon {unknown}
 f - a scroll of blinking {unknown}
 g - 4 scrolls of amnesia {unknown}
 i - a scroll of torment {unknown}
 p - a scroll of fog {unknown}
 w - 4 scrolls of noise {unknown}
 y - 3 scrolls of enchant weapon {unknown}
 E - 4 scrolls of poison {unknown}
 J - a scroll of vulnerability {unknown}
 M - 2 scrolls of enchant armour {unknown}
 P - 2 scrolls of fear {unknown}
 Y - a scroll of summoning {unknown}
 Z - a scroll of acquirement {unknown}
Potions
 e - a potion of mutation {unknown}
 h - 6 potions of heal wounds
 j - 8 potions of curing
 l - 3 potions of invisibility {unknown}
 n - a potion of magic {unknown}
 o - 4 potions of might
 q - 3 potions of resistance {unknown}
 t - 2 potions of cancellation {unknown}
 x - a potion of berserk rage {unknown}
 B - 3 potions of lignification
 C - 2 potions of ambrosia
 G - 3 potions of brilliance
 R - 3 potions of haste {unknown}
Miscellaneous
 X - a box of beasts


   Skills:
 + Level 9.6 Fighting
 + Level 9.2 Short Blades
 + Level 9.2 Long Blades
 + Level 9.2 Axes
 + Level 9.2 Maces & Flails
 + Level 9.2 Polearms
 + Level 9.2 Staves
 + Level 9.2 Ranged Weapons
 + Level 9.2 Throwing
 + Level 10.3 Armour
 + Level 9.6 Dodging
 + Level 9.5 Stealth
 + Level 9.2 Shields
 + Level 9.2 Unarmed Combat
 + Level 9.2 Spellcasting
 + Level 7.6 Conjurations
 + Level 7.6 Hexes
 + Level 7.6 Summonings
 + Level 7.6 Necromancy
 + Level 7.6 Translocations
 + Level 7.6 Transmutations
 + Level 7.6 Fire Magic
 + Level 7.6 Ice Magic
 + Level 7.6 Air Magic
 + Level 7.6 Earth Magic
 + Level 7.6 Poison Magic
 + Level 10.0 Invocations
 + Level 11.3 Evocations
 + Level 7.6 Shapeshifting


You had 23 spell levels left.
You knew the following spells:

 Your Spells              Type           Power      Damage    Failure   Level
a - Mephitic Cloud        Conj/Pois/Air  52%        N/A       2%          3
b - Ignite Poison         Fire/Tmut/Pois 52%        N/A       2%          3
c - Scorch                Fire           100%       2d9       1%          2

Your spell library contained the following spells:

 Spells                   Type           Power      Damage    Failure   Level
 Magic Dart               Conj           100%       1d8       1%          1
 Shock                    Conj/Air       100%       1d9       1%          1
 Call Imp                 Summ           100%       N/A       1%          2
 Cigotuvi's Dreadful Rot  Necr/Pois/Air  100%       N/A       1%          2
 Poisonous Vapours        Pois/Air       100%       N/A       1%          2
 Gell's Gravitas          Tloc           52%        N/A       2%          3
 Swiftness                Air            52%        N/A       2%          3
 Teleport Other           Tloc           52%        N/A       2%          3
 Airstrike                Air            26%        2d(4-20)  9%          4
 Anguish                  Hex/Necr       26%        N/A       9%          4
 Animate Dead             Necr           52%        N/A       9%          4
 Cause Fear               Hex            26%        N/A       9%          4
 Flame Wave               Conj/Fire      52%        2d13      9%          4
 Freezing Cloud           Conj/Ice/Air   26%        6-21      26%         5
 Dispersal                Tloc           26%        N/A       80%         6
 Summon Cactus Giant      Summ           26%        N/A       80%         6
 Enfeeble                 Hex            26%        N/A       100%        7
 Haunt                    Necr/Summ      26%        N/A       100%        7
 Borgnjor's Revivificati  Necr           26%        N/A       100%        8
 Infestation              Necr           26%        N/A       100%        8
 Death's Door             Necr           26%        N/A       100%        9
 Shatter                  Erth           26%        3d22*     100%        9


Dungeon Overview and Level Annotations

Branches:
Dungeon (13/15)            Temple (1/1) D:7            Lair (1/5) D:11
    Orc (0/2) D:12         Vaults (0/5) D:13         Bailey (visited)
  IceCv (visited)         Volcano (visited)

Altars:
Ashenzari
Cheibriados
Dithmenos
Elyvilon
Fedhas
Gozag
Hepliaklqana
Kikubaaqudgha
Makhleb
Nemelex Xobeh
Okawaru
Qazlal
Ru
Sif Muna
Trog
Uskayaw
Vehumet
Wu Jian
Xom
Yredelemnul
Zin
The Shining One

Shops:
D:8 [[!(*   D:10 ?[*(

Portals:
Trove: D:13 (give +3 storm dragon scales)

Annotations:
D:6 1 runed translucent door, Crazy Yiuf
D:9 2 runed translucent doors


Innate Abilities, Weirdness & Mutations

Your life essence is reduced to manifest your ancestor. (-10% HP)
You have very sharp teeth.
Your uncanny sense of smell can sniff out nearby items.
Your experience applies equally to all skills.


Message History

Ku-aya hits the torpor snail with a +0 quarterstaff!
The torpor snail is engulfed in blazing flames.
You kill the torpor snail!
The komodo dragon completely misses you.
You feel yourself speed up.
Ku-aya is no longer moving slowly.
The dream sheep bites Ku-aya.
The dream sheep bites you but does no damage.
The komodo dragon bites you!!!
You wake up.
Ouch! That really hurt!
Ku-aya gestures at the komodo dragon while chanting.
The puff of frost hits the komodo dragon!
Unknown command.
Unknown command.
Unknown command.
Unknown command.
Unknown command.
Unknown command.
Unknown command.
Unknown command.
Unknown command.
Something bites Ku-aya but does no damage.
The dream sheep attacks as it pursues you!
The dream sheep completely misses you.
Ku-aya barely misses the dream sheep.
Something closely misses Ku-aya.
The dream sheep attacks as it pursues you!
The dream sheep misses you. You block the komodo dragon's attack.
Ku-aya casts a spell at the komodo dragon.
The puff of frost hits the komodo dragon.
Something bites Ku-aya.
Ku-aya hits the dream sheep with a +0 quarterstaff!
Something bites Ku-aya!
The dream sheep bites Ku-aya!
The dream sheep shake their wool and sparkle.
You feel drowsy...
You fall asleep.
Ku-aya hits the dream sheep with a +0 quarterstaff.
Something bites Ku-aya!
Ku-aya is destroyed!
The komodo dragon bites you!!!
Ouch! That really hurt!
You die...

..#.##....#.P# *,,,.#,,,,,*
..#..#.......# **,..#,,,,**
......#......# *##.#**,,,**
...#.........## *...##.,,,,*
........#....P# *#..>.[.,,*,*
..##....#.....# ##....#..,****
####....##..^#######Y.......,*
####..#.....#.#.#.)...#,,,,,**
#####.#........#@l.Y.#Y.....,*
#.###.....#....##Y..#.#.....,*
........##.....#.#..##.....#**
#........#P....#..)##*...#.#
#...P...............,,,..#*#
#.<............#....#**###
##......#...........#
##...#........#...###
#########..,*,*,,,*


You could see a komodo dragon and 3 dream sheep.

Vanquished Creatures
  Jorgrun (D:13)
  A frost giant (IceCv)
  2 vault guards (D:13)
  A hydra (D:13)
  2 centaur warriors (D:13)
  2 two-headed ogres
  7 death yaks (IceCv)
  A tengu warrior (D:13)
  Pikel (D:8)
  A deep elf zephyrmancer (Bailey)
  An orc knight (Bailey)
  3 wizards (D:13)
  A cyclops (D:7)
  An orc sorcerer (Volcano)
  An ugly thing (Volcano)
  A manticore (D:12)
  An ice statue (IceCv)
  An elephant (Lair:1)
  A torpor snail (Lair:1)
  A gargoyle (D:11)
  2 molten gargoyles (Volcano)
  2 cane toads (Lair:1)
  2 kobold demonologists (D:12)
  A komodo dragon (Lair:1)
  A rime drake (IceCv)
  Psyche (D:12)
  2 tengu conjurers (D:13)
  3 trolls
  Prince Ribbit (D:5)
  5 polar bears (IceCv)
  Grinder (D:5)
  Sigmund (D:2)
  A vampire (D:13)
  A shadow (D:10)
  30 yaks
  A wraith (D:12)
  A fire bat (Volcano)
  16 humans (D:13)
  A steam dragon (D:9)
  Edmund (D:4)
  2 acid dragons
  4 vampire mosquitoes
  3 water moccasins (Lair:1)
  2 hell hounds (Volcano)
  2 orc warriors (D:9)
  A black bear (D:7)
  2 ice beasts
  3 sky beasts
  8 wolves (IceCv)
  A phantom (D:5)
  6 centaurs
  A kobold brigand (D:8)
  5 bullfrogs
  A gnoll sergeant (D:9)
  2 howler monkeys
  3 hounds
  3 orc priests
  2 gnoll boudas
  6 iguanas
  A sleepcap (D:7)
  10 orc wizards
  13 gnolls
  8 adders
  A shadow imp (D:6)
  An ufetubus (D:5)
  3 worms
  4 dart slugs
  49 orcs
  8 endoplasms
  5 giant cockroaches (D:3)
  4 goblins
  9 hobgoblins
  A jackal (D:3)
  11 kobolds
  2 quokkas
  6 ball pythons
  4 bats
  5 frilled lizards
  8 rats
315 creatures vanquished.

Vanquished Creatures (collateral kills)
  Josephine (D:12)
  2 two-headed ogres
  A death yak (IceCv)
  A wizard (D:13)
  A necromancer (D:13)
  An ugly thing (D:13)
  3 manticores
  Joseph (Lair:1)
  A smoke demon (Volcano)
  3 cane toads (Lair:1)
  A red devil (Volcano)
  A troll (D:12)
  2 polar bears (IceCv)
  7 yaks
  2 wraiths (D:12)
  A human (D:13)
  A fire bat (Volcano)
  2 acid dragons
  5 orc warriors
  2 wolves (IceCv)
  A lava snake (Volcano)
  An orc wizard (D:12)
  A gnoll (D:9)
  11 orcs
53 creatures vanquished.

Vanquished Creatures (others)
  A wyvern (Lair:1)
  An orc warrior (Bailey)
  11 battlemagi
  3 ancestors (D:9)
16 creatures vanquished.

Grand Total: 384 creatures vanquished

Notes
Turn   | Place    | Note
-------+----------+-------------------------------------------
     0 | D:1      | cforsyth the Gnoll Artificer began the quest for the Orb.
     0 | D:1      | Reached XP level 1. HP: 17/17 MP: 1/1
   145 | D:1      | Reached XP level 2. HP: 11/23 MP: 2/2
   928 | D:2      | Reached XP level 3. HP: 12/28 MP: 3/3
  1226 | D:2      | Reached skill level 1 in Invocations
  1368 | D:2      | Reached skill level 1 in Short Blades
  1368 | D:2      | Reached skill level 1 in Long Blades
  1368 | D:2      | Reached skill level 1 in Axes
  1368 | D:2      | Reached skill level 1 in Maces & Flails
  1368 | D:2      | Reached skill level 1 in Polearms
  1368 | D:2      | Reached skill level 1 in Staves
  1368 | D:2      | Reached skill level 1 in Ranged Weapons
  1368 | D:2      | Reached skill level 1 in Throwing
  1368 | D:2      | Reached skill level 1 in Shields
  1368 | D:2      | Reached skill level 1 in Unarmed Combat
  1368 | D:2      | Reached skill level 1 in Spellcasting
  1422 | D:2      | Reached XP level 4. HP: 34/34 MP: 5/5
  1942 | D:2      | Found a shimmering blue altar of Sif Muna.
  2109 | D:2      | Noticed Sigmund
  2116 | D:2      | Reached skill level 1 in Conjurations
  2116 | D:2      | Reached skill level 1 in Hexes
  2116 | D:2      | Reached skill level 1 in Summonings
  2116 | D:2      | Reached skill level 1 in Necromancy
  2116 | D:2      | Reached skill level 1 in Translocations
  2116 | D:2      | Reached skill level 1 in Transmutations
  2116 | D:2      | Reached skill level 1 in Fire Magic
  2116 | D:2      | Reached skill level 1 in Ice Magic
  2116 | D:2      | Reached skill level 1 in Air Magic
  2116 | D:2      | Reached skill level 1 in Earth Magic
  2116 | D:2      | Reached skill level 1 in Poison Magic
  2116 | D:2      | Reached skill level 1 in Shapeshifting
  2116 | D:2      | Killed Sigmund
  2117 | D:2      | Reached XP level 5. HP: 41/41 MP: 5/7
  2117 | D:2      | Reached XP level 6. HP: 47/47 MP: 5/8
  2340 | D:3      | Found a sacrificial altar of Ru.
  2345 | D:3      | Reached skill level 5 in Armour
  3399 | D:4      | Noticed Edmund
  3405 | D:4      | Killed Edmund
  3406 | D:4      | Reached skill level 7 in Evocations
  3406 | D:4      | Reached XP level 7. HP: 35/52 MP: 10/10
  3625 | D:4      | You fall into a shaft and drop 2 floors!
  3989 | D:5      | Entered Level 5 of the Dungeon
  4132 | D:4      | Reached XP level 8. HP: 58/60 MP: 12/12
  4554 | D:5      | Noticed Grinder
  4556 | D:5      | Killed Grinder
  4968 | D:5      | Noticed Prince Ribbit
  4984 | D:5      | Killed Prince Ribbit
  5618 | D:6      | Reached XP level 9. HP: 66/66 MP: 14/14
  5951 | D:6      | Got the Parchment of Grey Nausea
  6013 | D:6      | Found an iron altar of Okawaru.
  6017 | D:6      | Found a basalt altar of Yredelemnul.
  6021 | D:6      | Found a burning altar of Makhleb.
  6200 | D:6      | Found a runed translucent door.
  6201 | D:6      | Noticed Crazy Yiuf
  6586 | D:7      | Noticed a cyclops
  6591 | D:7      | Killed a cyclops
  6592 | D:7      | Reached skill level 5 in Fighting
  6592 | D:7      | Reached skill level 5 in Dodging
  6804 | D:7      | Reached skill level 5 in Stealth
  6843 | D:7      | Reached skill level 8 in Evocations
  7092 | D:7      | Found a staircase to the Ecumenical Temple.
  7149 | Temple   | Entered the Ecumenical Temple
  7155 | Temple   | Became a worshipper of Hepliaklqana the Forgotten
  7179 | D:7      | Reached skill level 5 in Invocations
  7620 | D:8      | Found Lilaonum's Assorted Antiques.
  7647 | D:8      | Bought a glowing amethyst potion for 24 gold pieces
  7647 | D:8      | Bought a sharpened iron wand for 108 gold pieces
  7803 | D:2      | Identified the +11 short sword of Symmetry {elec, rC+ rN+}
  7948 | D:8      | Found a hide-covered altar of Uskayaw.
  8550 | D:8      | Found Jauch's Armour Emporium.
  8628 | D:8      | Found Decoitz's Armour Boutique.
  8751 | D:8      | Found Utiez's Distillery.
  8849 | D:8      | Found Ifreulop's Antique Weapon Shop.
  8855 | D:8      | Bought a twisted falchion for 192 gold pieces
  8855 | D:8      | Identified the +2 falchion "Lutabres" {flame, rC++} (You
                  | bought it in a shop on level 8 of the Dungeon)
  9195 | D:8      | Reached * piety under Hepliaklqana
  9418 | D:9      | Noticed a troll
  9473 | D:9      | Found a snail-covered altar of Cheibriados.
  9501 | D:9      | Reached XP level 10. HP: 13/66 MP: 17/17
  9927 | D:9      | Reached skill level 5 in Short Blades
  9927 | D:9      | Reached skill level 5 in Long Blades
  9927 | D:9      | Reached skill level 5 in Axes
  9927 | D:9      | Reached skill level 5 in Maces & Flails
  9927 | D:9      | Reached skill level 5 in Polearms
  9927 | D:9      | Reached skill level 5 in Staves
  9927 | D:9      | Reached skill level 5 in Ranged Weapons
  9927 | D:9      | Reached skill level 5 in Throwing
  9927 | D:9      | Reached skill level 5 in Shields
  9927 | D:9      | Reached skill level 5 in Unarmed Combat
  9927 | D:9      | Reached skill level 5 in Spellcasting
 10073 | D:9      | Noticed Pikel
 10082 | D:8      | Killed Pikel
 10580 | D:9      | Noticed a two-headed ogre
 10587 | D:9      | Killed a two-headed ogre
 10602 | D:9      | Found a runed translucent door.
 10604 | D:9      | Found a runed translucent door.
 11304 | D:9      | Found a glowing golden altar of the Shining One.
 11433 | D:10     | Entered Level 10 of the Dungeon
 11433 | D:10     | Found Hostrogi's Assorted Antiques.
 11479 | D:10     | Found Kusam's Magic Scroll Emporium.
 11629 | D:10     | Found Pibrioz's Armour Shoppe.
 11657 | D:10     | Found a flagged portal.
 11678 | D:10     | Identified the +2 leather armour "Ollailets" {Rampage *Slow
                  | rElec SInv}
 11779 | Bailey   | Entered a bailey
 11797 | Bailey   | Reached ** piety under Hepliaklqana
 11798 | Bailey   | Remembered your ancestor Ku-aya as a battlemage
 12086 | Bailey   | Noticed an orc knight
 12093 | Bailey   | Killed an orc knight
 12133 | Bailey   | Found a large runed translucent door.
 12133 | Bailey   | Found a large runed translucent door.
 12139 | Bailey   | Noticed a deep elf zephyrmancer
 12227 | Bailey   | Killed a deep elf zephyrmancer
 12228 | Bailey   | Reached skill level 5 in Conjurations
 12228 | Bailey   | Reached skill level 5 in Hexes
 12228 | Bailey   | Reached skill level 5 in Summonings
 12228 | Bailey   | Reached skill level 5 in Necromancy
 12228 | Bailey   | Reached skill level 5 in Translocations
 12228 | Bailey   | Reached skill level 5 in Transmutations
 12228 | Bailey   | Reached skill level 5 in Fire Magic
 12228 | Bailey   | Reached skill level 5 in Ice Magic
 12228 | Bailey   | Reached skill level 5 in Air Magic
 12228 | Bailey   | Reached skill level 5 in Earth Magic
 12228 | Bailey   | Reached skill level 5 in Poison Magic
 12228 | Bailey   | Reached skill level 9 in Evocations
 12228 | Bailey   | Reached skill level 5 in Shapeshifting
 12228 | Bailey   | Reached XP level 11. HP: 68/74 MP: 18/20
 12253 | Bailey   | Identified the +2 ring mail of the Thunderstorm {Regen+
                  | Str+2 Int+3 Dex+3}
 12388 | D:10     | Found Astunuwe's Antique Weapon Shop.
 12443 | D:10     | Bought a smoky dark potion for 26 gold pieces
 12443 | D:10     | Bought 2 white potions for 52 gold pieces
 12443 | D:10     | Bought a scroll labelled AVVOAC WIONA for 29 gold pieces
 12824 | D:11     | Noticed a two-headed ogre
 12836 | D:11     | Killed a two-headed ogre
 12976 | D:11     | Noticed a manticore
 12987 | D:11     | Killed a manticore
 13064 | D:11     | Noticed a two-headed ogre
 13072 | D:11     | Killed a two-headed ogre
 13218 | D:11     | Found a staircase to the Lair.
 13397 | D:11     | Learned a level 3 spell: Mephitic Cloud
 13401 | D:11     | Learned a level 3 spell: Ignite Poison
 13688 | D:12     | Found a frozen archway.
 13697 | IceCv    | Entered an ice cave
 14169 | IceCv    | Reached XP level 12. HP: 63/81 MP: 22/22
 14363 | IceCv    | Noticed a death yak
 14363 | IceCv    | Noticed a death yak
 14375 | IceCv    | Killed a death yak
 14391 | IceCv    | Killed a death yak
 14612 | IceCv    | Noticed a death yak
 14617 | IceCv    | Noticed a death yak
 14620 | IceCv    | Noticed a death yak
 14622 | IceCv    | Killed a death yak
 14631 | IceCv    | Killed a death yak
 14632 | IceCv    | Reached skill level 10 in Evocations
 14805 | IceCv    | Killed a death yak
 14873 | IceCv    | Noticed a death yak
 14873 | IceCv    | Noticed a death yak
 14873 | IceCv    | Noticed a death yak
 14874 | IceCv    | Noticed a frost giant
 14890 | IceCv    | Killed a death yak
 14904 | IceCv    | Killed a death yak
 15072 | IceCv    | Killed a frost giant
 15220 | IceCv    | Killed a death yak
 15715 | D:12     | Found a staircase to the Orcish Mines.
 15746 | D:12     | Reached *** piety under Hepliaklqana
 15847 | D:12     | Noticed Psyche
 15854 | D:12     | Killed Psyche
 15948 | D:12     | Noticed Josephine
 15963 | D:12     | Killed Josephine
 15964 | D:12     | Reached XP level 13. HP: 58/89 MP: 23/25
 16360 | D:13     | Found an iron altar of Okawaru.
 16580 | D:13     | Noticed Jorgrun
 16597 | D:13     | Killed Jorgrun
 16757 | D:13     | Found a portal to a secret trove of treasure.
 16969 | D:13     | Found a gate to the Vaults.
 16970 | D:13     | Noticed a vault guard
 16970 | D:13     | Noticed a vault guard
 16988 | D:13     | Killed a vault guard
 17503 | D:13     | Reached **** piety under Hepliaklqana
 17653 | D:13     | Identified the +4 spear of Pynt {flame, rF+ rCorr Dex+2}
 17830 | D:13     | Killed a vault guard
 17831 | D:13     | Reached skill level 10 in Armour
 17831 | D:13     | Reached skill level 11 in Evocations
 18042 | Lair:1   | Entered Level 1 of the Lair of Beasts
 18105 | Lair:1   | Found a dark tunnel.
 18131 | Lair:1   | Noticed Joseph
 18147 | Lair:1   | Killed Joseph
 18170 | Volcano  | Entered a volcano
 18257 | Volcano  | Found a burning altar of Makhleb.
 18259 | Volcano  | Reached XP level 14. HP: 97/97 MP: 25/27
 18543 | Lair:1   | Reached skill level 10 in Invocations
 18636 | Lair:1   | Learned a level 2 spell: Scorch
 18751 | Lair:1   | Annihilated by a komodo dragon

Illustrated notes

Levels and vault maps discovered:
D:1:      psy_arrival_statuary, layout_basic, amcnicky_mini_pool_small,
          nicolae_hexahallways
D:2:      layout_basic, serial_glass, glass_columns_a, glass_columns_b,
          due_unseen_surprise, basic_altar, kennysheep_generic_room_3,
          uniq_sigmund
D:3:      layout_basic, nicolae_ru_great_annihilating_truth
D:4:      layout_cave_pools, chequers_garden, serial_bayou_pond_d, uniq_edmund
D:5:      layout_gridville, serial_bayou_pond_c, guppyfry_early_lair_pool,
          uniq_prince_ribbit1, uniq_grinder
D:6:      layout_cave_pods, grunt_temple_overflow_diamond,
          uniq_crazy_yiuf_cottage
D:7:      layout_basic, minmay_temple_entry_poolview
D:8:      layout_basic, lemuel_tele_altar, serial_shops,
          nicolae_shop_tiny_real_fake_doors, nicolae_shop_tiny_glass, shop,
          shop, nicolae_shop_industrial_runoff, lightli_orcish_oven
D:9:      lemuel_insect_pit, layout_stronghold, mainiacjoe_overflow_boulevard,
          amcnicky_altar_gilded, uniq_pikel
D:10:     layout_roguey, serial_shops, nicolae_take_the_stairs,
          nicolae_shop_just_a_little_nook, nicolae_stop_n_shop_1,
          nicolae_shop_trees, enter_bailey_2
D:11:     layout_long_grid, lair_entry_dummy
D:12:     layout_rooms, david_orc_2, portal_ice_cave_entry_pillars_1,
          uniq_psyche, uniq_josephine
D:13:     layout_stronghold, grunt_vaults_entry_tiered, enter_trove_1,
          okawaru_trees_1, uniq_jorgrun
Temple:   nicolae_temple_bog_church
Lair:1:   layout_misc_corridors, nicolae_volcano_entry_two_sided,
          chequers_serial_rivers_small_a, uniq_joseph

Skill      XL: |  1  2  3  4  5  6  7  8  9 10 11 12 13 14 |
---------------+-------------------------------------------+-----
Invocations    | 1 2 3 4 5 6 7 8 9 10 | 10.0
Short Blades   | 1 2 3 4 6 8 9 |  9.2
Long Blades    | 1 2 3 4 6 8 9 |  9.2
Axes           | 1 2 3 4 6 8 9 |  9.2
Maces & Flails | 1 2 3 4 6 8 9 |  9.2
Polearms       | 1 2 3 4 6 8 9 |  9.2
Staves         | 1 2 3 4 6 8 9 |  9.2
Ranged Weapons | 1 2 3 4 6 8 9 |  9.2
Throwing       | 1 2 3 4 6 8 9 |  9.2
Shields        | 1 2 3 4 6 8 9 |  9.2
Unarmed Combat | 1 2 3 4 6 8 9 |  9.2
Spellcasting   | 1 2 3 4 6 8 9 |  9.2
Conjurations   | 1 2 3 4 5 6 7 |  7.6
Hexes          | 1 2 3 4 5 6 7 |  7.6
Summonings     | 1 2 3 4 5 6 7 |  7.6
Necromancy     | 1 2 3 4 5 6 7 |  7.6
Translocations | 1 2 3 4 5 6 7 |  7.6
Transmutations | 1 2 3 4 5 6 7 |  7.6
Fire Magic     | 1 2 3 4 5 6 7 |  7.6
Ice Magic      | 1 2 3 4 5 6 7 |  7.6
Air Magic      | 1 2 3 4 5 6 7 |  7.6
Earth Magic    | 1 2 3 4 5 6 7 |  7.6
Poison Magic   | 1 2 3 4 5 6 7 |  7.6
Shapeshifting  | 1 2 3 4 5 6 7 |  7.6
Fighting       | 3 4 5 6 7 8 9 |  9.6
Dodging        | 3 4 5 6 7 8 9 |  9.6
Stealth        | 3 4 5 6 7 8 9 |  9.5
Armour         | 5 6 7 8 9 10 | 10.3
Evocations     | 7 8 9 10 11 | 11.3

Action                     |  1- 3 |  4- 6 |  7- 9 | 10-12 | 13-15 || total
---------------------------+-------+-------+-------+-------+-------++-------
  Melee: Club              |   143 |    62 |       |       |       ||   205
         Bite              |    16 |    33 |    72 |    46 |    47 ||   214
         Punch             |     2 |     4 |    16 |    23 |    18 ||    63
         Short sword       |       |   120 |   626 |   365 |   250 ||  1361
         Flail             |       |    68 |       |       |       ||    68
  Throw: Dart              |       |       |       |    14 |       ||    14
   Cast: Mephitic Cloud    |       |       |       |    28 |     9 ||    37
         Ignite Poison     |       |       |       |    24 |     7 ||    31
         Scorch            |       |       |       |       |     1 ||     1
 Invoke: Recall Ancestor   |       |       |       |     1 |       ||     1
         Ancestor Life: Ba |       |       |       |     1 |       ||     1
  Evoke: Wand              |     3 |    13 |    20 |    14 |     2 ||    52
         Box of beasts     |       |       |       |       |     1 ||     1
    Use: Scroll            |       |       |       |     8 |     3 ||    11
         Potion            |       |       |       |     1 |       ||     1
   Stab: Sleeping          |     1 |       |       |     1 |     9 ||    11
         Paralysed         |       |     1 |     2 |     2 |       ||     5
         Confused          |       |       |       |     6 |     1 ||     7
         Distracted        |       |       |       |     2 |     5 ||     7
 Armour: Leather armour    |    51 |       |       |       |       ||    51
         Chain mail        |    26 |   196 |   444 |    58 |       ||   724
         Ring mail         |       |       |       |    78 |    38 ||   116
  Dodge: Dodged            |   128 |    78 |   209 |   190 |   168 ||   773
  Block: Kite shield       |       |       |       |       |     4 ||     4

Table legend: (Time is in decaauts)
 A = Elapsed time spent in this place.
 B = Non-inter-level travel time spent in this place.
 C = Inter-level travel time spent in this place.
 D = Time resting spent in this place.
 E = Time spent auto-exploring this place.
 F = Levels seen in this place.
 G = Mean time per level.
                   A        B        C        D        E       F      G
               +--------+--------+--------+--------+--------+-----+--------+
         Total |  18514 |  17766 |    748 |   2463 |  11555 |  18 | 1028.6 |
       Dungeon |  15380 |  14655 |    725 |   2013 |   9925 |  13 | 1183.1 |
        Temple |     12 |      6 |      6 |      0 |      0 |   1 |   12.0 |
          Lair |    378 |    361 |     17 |      0 |    186 |   1 |  378.0 |
        Bailey |    527 |    527 |      0 |     69 |    297 |   1 |  527.0 |
      Ice Cave |   1934 |   1934 |      0 |    360 |   1121 |   1 | 1934.0 |
       Volcano |    280 |    280 |      0 |     21 |     26 |   1 |  280.0 |
               +--------+--------+--------+--------+--------+-----+--------+

Top non-repeatable levels by time:
   IceCv: 1934 daAuts
     D:8: 1870 daAuts
     D:2: 1789 daAuts
    D:13: 1743 daAuts
     D:9: 1586 daAuts
     D:7: 1461 daAuts
     D:6: 1395 daAuts
     D:5: 929 daAuts
     D:1: 901 daAuts
     D:4: 825 daAuts
     D:3: 783 daAuts
    D:11: 760 daAuts
    D:12: 679 daAuts
    D:10: 652 daAuts
  Bailey: 527 daAuts
